Map: Ultralove

Players

ManlyManMeat - Winner!

  • Race: Protoss Protoss
  • League: Master
  • Spawn Location: 7:00

Fergysonly

  • Race: Protoss Protoss
  • League: Master
  • Spawn Location: 1:00

VOD

Have the link to the VOD?

Description

Time

  • Played on: June 13, 2025, 5:45 p.m.
  • Length: 2:33
Show
View Real Time Build Order
Export as new Build Order

ManlyManMeat Protoss - Winner!

Build Orders:  

Get SALT Encoding   

  12  0:00  Probe  
  13  0:12  Probe  
  14  0:20  Pylon  
  14  0:26  Probe  
  15  0:34  Probe  
  16  0:44  Probe  
  16  0:46  Gateway  
  17  0:52  Assimilator  
  17  1:13  Probe  
  19  1:26  Zealot  
  19  1:32  Gateway  
  20  1:52  Zealot  
  22  1:59  Probe  
Show
View Real Time Build Order
Export as new Build Order

Fergysonly Protoss 

Build Orders: Cannon Rush 

Get SALT Encoding   

  12  0:01  Probe  
  13  0:13  Probe  
  14  0:21  Pylon  
  14  0:25  Probe  
  15  0:39  Forge  
  15  0:41  Probe  
  16  0:53  Probe  
  17  1:02  Pylon  
  17  1:08  Pylon  
  17  1:17  Pylon  
  17  1:20  Pylon  
  16  1:26  Probe  
  17  1:35  Photon Cannon  
  17  1:37  Pylon  
  17  1:38  Probe  
  18  1:45  Photon Cannon  
  18  1:50  Photon Cannon  
  18  2:02  Photon Cannon  
  17  2:17  Photon Cannon  
Tags
 
Matchup
PvP
Spawn Locations
Cross Positions
Add a new tag
Caveats
  • Supply blocks, unpowered buildings, or Contaminate may cause inaccurate times.
  • Supply counts are checked every 10 seconds.